 Dungeon Crawl Stone Soup version 0.29-a0-80-g3050e97935 (webtiles) character file.

Game seed: 2922524419622801787

37 Gargoyl the Skirmisher (level 3, -2/33 HPs)
             Began as a Ghoul Abyssal Knight on Feb 4, 2022.
             Was a Follower of Lugonu.
             Slain by a gnoll (5 damage)
             ... on level 2 of the Dungeon.
             The game lasted 00:02:23 (1162 turns).

Gargoyl the Skirmisher (Ghoul Abyssal Knight)       Turns: 1162, Time: 00:02:24

Health: -2/33      AC:  5    Str: 18    XL:     3   Next: 41%
Magic:  3/4        EV: 10    Int:  5    God:    Lugonu [*.....]
Gold:   28         SH:  0    Dex:  9    Spells: 2/2 levels left

rFire   . . .      SeeInvis .   a - +1 hand axe
rCold   + . .      Faith    .   (no shield)
rNeg    + + +      Spirit   .   f - +0 ring mail
rPois   ∞          Reflect  .   (no helmet)
rElec   .          Harm     .   (no cloak)
rCorr   .          Rampage  .   (no gloves)
Will    .....                   (no boots)
Stlth   ..........              (no amulet)
HPRegen 0.00/turn               (no ring)
MPRegen 0.09/turn               (no ring)

@: inhibited regen
A: claws 1, cold resistance 1, negative energy resistance 3, inhibited
regeneration, torment resistance 2
a: Renounce Religion, Depart the Abyss


You were on level 2 of the Dungeon.
You worshipped Lugonu.
Lugonu was aware of your devotion.
You visited 1 branch of the dungeon, and saw 2 of its levels.
You visited the Abyss 1 time.

You collected 28 gold pieces.

Inventory:

Hand Weapons
 a - a +1 hand axe (weapon)
Missiles
 h - 6 poisoned darts (quivered)
Armour
 f - a +0 ring mail (worn)
Potions
 b - a potion of heal wounds {unknown}
 e - a potion of berserk rage {unknown}
 g - a potion of resistance {unknown}


   Skills:
 + Level 3.7 Fighting
 + Level 2.0 Axes
 + Level 2.2 Armour
 * Level 1.2 Dodging
 * Level 2.7 Invocations


You had 2 spell levels left.
You didn't know any spells.
Your spell library contained the following spells:

 Spells                   Type           Power      Damage    Failure   Level
 Freeze                   Ice            0%         1d3       67%         1
 Frozen Ramparts          Ice            0%         1d2       95%         3
 Hailstorm                Conj/Ice       0%         3d3       100%        4


Dungeon Overview and Level Annotations

Branches:
Dungeon (2/15)

Altars:


Innate Abilities, Weirdness & Mutations

You thrive by killing the living.
You are immune to poison.
You have sharp fingernails.
Your flesh is cold resistant. (rC+)
You are immune to negative energy. (rN+++)
You do not regenerate when monsters are visible.
You are immune to unholy pain and torment.


Message History

The gnoll is moderately wounded.
The gnoll barely misses you.
You hit the gnoll.
The gnoll is heavily wounded.
The gnoll hits you with a +0 flail. x2
You barely miss the gnoll.
The gnoll is heavily wounded.
The gnoll hits you with a +0 flail.
You barely miss the gnoll.
The gnoll is heavily wounded.
The gnoll hits you with a +0 flail!
* * * LOW HITPOINT WARNING * * *
You hit the gnoll.
The gnoll is almost dead.
The gnoll misses you.
You slash the gnoll!
You kill the gnoll!
Lugonu accepts your kill.
You feel better.
Unknown command.
You slash the hobgoblin!
You kill the hobgoblin!
Lugonu accepts your kill.
You hit the gnoll.
The gnoll is moderately wounded.
The gnoll barely misses you. The gnoll hits you with a +0 whip.
* * * LOW HITPOINT WARNING * * *
The gnoll hits you from afar with a +0 spear.
* * * LOW HITPOINT WARNING * * *
You hit the gnoll but do no damage.
The gnoll is moderately wounded.
The gnoll hits you with a +0 whip.
* * * LOW HITPOINT WARNING * * *
The gnoll hits you from afar with a +0 spear.
* * * LOW HITPOINT WARNING * * *
The gnoll barely misses you.
You barely miss the gnoll.
The gnoll is moderately wounded.
The gnoll barely misses you. The gnoll hits you with a +0 whip.
You die...

*,,,*******,,,,,* *,,,,>* *,,,,
,,,,,,,,,,,**..,****,,,,,* *,***
,,,,,,,,,,,##.[,,,,,,,,,,* *,***
,,,,,,,,,,,...,,****,,,,,* *,,,*
,,,,*,*****#..*** *,,,,,* ***,*
,,,,*,* #.#* ******* *,* ,,,,*,*
#.# *##********,* ,,,,*,*
####.#######*..,,,,,,,,,*
,,,,,,**#....ggg@..#*.#**********
,,,,,*##..###.####.#*.#
*,,,,............#.#*.#
**,#..##########...##.#
,,...,*,,,,,,,,#....#.#
**.#,,*,,,,,,,,+......#
,,....#,,,,,,,,#....###
,.....#,,,,,,,,#..###
*#.##.#,,,,,,,,#[##


You could see 2 gnolls and a hobgoblin.

Vanquished Creatures
  A gnoll (D:2)
  An adder (D:2)
  A dart slug (D:1)
  An endoplasm (D:1)
  2 giant cockroaches (D:1)
  2 goblins (D:1)
  2 hobgoblins
  A kobold (D:1)
  A quokka (D:1)
  A bat (D:1)
  A frilled lizard (D:1)
  4 rats (D:1)
18 creatures vanquished.

Notes
Turn   | Place    | Note
-------+----------+-------------------------------------------
     0 | Abyss:1  | Gargoyl the Ghoul Abyssal Knight began the quest for the
                  | Orb.
     0 | Abyss:1  | Reached XP level 1. HP: 19/19 MP: 1/1
     0 | D:1      | Escaped the Abyss
   107 | D:1      | Reached skill level 1 in Dodging
   222 | D:1      | Reached * piety under Lugonu
   223 | D:1      | Reached XP level 2. HP: 14/26 MP: 2/2
   629 | D:1      | Found a faded altar of an unknown god.
  1046 | D:2      | Reached XP level 3. HP: 23/33 MP: 3/3
  1162 | D:2      | Slain by a gnoll

Illustrated notes

Levels and vault maps discovered:
D:1:      minmay_arrival_stair_chambers, layout_basic,
          ebering_ecumenical_altar_hall
D:2:      layout_loops_cross, basic_altar, minivault_25

Skill      XL: |  1  2 |
---------------+-------+-----
Dodging        | 1 |  1.2
Armour         | 2 |  2.2
Axes           | 2 |  2.0
Fighting       | |  3.7
Invocations    | |  2.7

Action                   || total
-------------------------++-------
Melee: Hand axe          ||    60
       Punch             ||     1
Invok: Depart the Abyss  ||     1
  Use: Scroll            ||     2
Armor: Leather armour    ||     4
       Ring mail         ||    17
Dodge: Dodged            ||    31

Table legend: (Time is in decaauts)
 A = Elapsed time spent in this place.
 B = Non-inter-level travel time spent in this place.
 C = Inter-level travel time spent in this place.
 D = Time resting spent in this place.
 E = Time spent auto-exploring this place.
 F = Levels seen in this place.
 G = Mean time per level.
                   A        B        C        D        E       F      G
               +--------+--------+--------+--------+--------+-----+--------+
         Total |   1173 |   1146 |     27 |      0 |    958 |   3 |  391.0 |
       Dungeon |   1173 |   1146 |     27 |      0 |    958 |   2 |  586.5 |
         Abyss |      0 |      0 |      0 |      0 |      0 |   1 |    0.0 |
               +--------+--------+--------+--------+--------+-----+--------+

Top non-repeatable levels by time:
     D:1: 1009 daAuts
     D:2: 164 daAuts
